 Dungeon Crawl Stone Soup version 0.21-a0-225-g207ae17 (webtiles) character file.

283 tidbits the Digger (level 6, -1/51 HPs)
             Began as a Draconian Wanderer on Aug 28, 2017.
             Was an Initiate of Wu Jian.
             Slain by a leopard gecko (4 damage)
             ... on level 6 of the Dungeon.
             The game lasted 00:17:24 (1657 turns).

tidbits the Digger (Draconian Wanderer)             Turns: 1657, Time: 00:17:24

Health: -1/51      AC:  7    Str: 16    XL:     6   Next: 7%
Magic:  10/10      EV: 12    Int: 13    God:    Wu Jian [......]
Gold:   173        SH:  0    Dex: 10    Spells: 4/10 levels left

rFire    . . .     SeeInvis +   a - +1 rapier (freeze)
rCold    . . .     Gourm    .   (no shield)
rNeg     . . .     Faith    .   (armour unavailable)
rPois    .         Spirit   .   (helmet restricted)
rElec    .         Reflect  .   (no cloak)
rCorr    .         Harm     .   p - +0 pair of gloves
MR       .....                  (no boots)
Stlth    +.........             (no amulet)
HPRegen  0.17/turn              B - ring of see invisible
MPRegen  0.12/turn              (no ring)

@: no status effects
A: unfitting armour, cold-blooded, AC +6
a: Renounce Religion


You were on level 6 of the Dungeon.
You worshipped Wu Jian.
Wu Jian was noncommittal.
You were not hungry.

You visited 2 branches of the dungeon, and saw 10 of its levels.

You collected 173 gold pieces.

Inventory:

Hand Weapons
 a - a +1 rapier of freezing (weapon)
   (You found it on level 5 of the Dungeon)
 c - a +0 club
 e - a +0 dagger
 g - a +0 blowgun
 m - a +0 short sword
 t - a +0 flail
 y - a +0 war axe
 z - a +0 falchion
Missiles
 b - 3 stones (quivered)
 f - 38 arrows
 j - 40 bolts
 o - 18 poisoned needles
Armour
 p - a +0 pair of gloves (worn)
 s - a +0 large shield
Jewellery
 B - a ring of see invisible (left hand)
   (You found it on level 6 of the Dungeon)
Wands
 i - a wand of flame (0/48)
Scrolls
 h - 2 scrolls of remove curse
 l - a scroll of enchant armour {unknown}
 n - 2 scrolls of recharging
 r - 2 scrolls of fear {unknown}
 u - a scroll of blinking
 w - 2 scrolls of vulnerability {unknown}
Books
 q - a book of Geomancy

   Spells                             Type                      Level
   a - Sandblast                      Earth                        1
   b - Passwall                       Transmutation/Earth          2
   c - Stone Arrow                    Conjuration/Earth            3
   d - Petrify                        Transmutation/Earth          4
   e - Lee's Rapid Deconstruction     Earth                        5
 x - a book of Callings
   (You found it on level 5 of the Dungeon)

   Spells                             Type                      Level
   a - Summon Small Mammal            Summoning                    1
   b - Call Imp                       Summoning                    2
   c - Call Canine Familiar           Summoning                    3
   d - Summon Guardian Golem          Hexes/Summoning              3
   e - Summon Lightning Spire         Summoning/Air                4
   f - Summon Ice Beast               Ice/Summoning                4
Comestibles
 d - 2 bread rations
 k - a meat ration
 v - 2 chunks of flesh


   Skills:
 - Level 3.5 Fighting
 - Level 1.0 Throwing
 - Level 1.7 Dodging
 - Level 1.0 Stealth
 + Level 2.9 Spellcasting
 + Level 4.9 Earth Magic
   Level 1.0 Poison Magic
 - Level 1.0 Evocations


You had 4 spell levels left.
You knew the following spells:

 Your Spells              Type           Power        Failure   Level  Hunger
t - Stone Arrow           Conj/Erth      #.....       26%         3    ###....
w - Passwall              Tmut/Erth      #.........   13%         2    ###....
z - Sandblast             Erth           ##....       3%          1    #......


Dungeon Overview and Level Annotations

Branches:
Dungeon (9/15)             Temple (1/1) D:4
   Lair: D:8-11         Orc: D:9-12

Altars:
Ashenzari
Cheibriados
Dithmenos
Elyvilon
Fedhas
Gozag
Hepliaklqana
Kikubaaqudgha
Makhleb
Nemelex Xobeh
Okawaru
Qazlal
Ru
Sif Muna
Trog
Uskayaw
Vehumet
Wu Jian
Xom
Yredelemnul
Zin
The Shining One


Innate Abilities, Weirdness & Mutations

Your plain brown scales are hard. (AC +6)
You cannot fit into any form of body armour.
You are cold-blooded and may be slowed by cold attacks.


Message History

You completely miss the worker ant.
The worker ant is severely wounded.
You feel sick.
The worker ant bites you but does no damage.
You barely miss the worker ant.
The worker ant is severely wounded.
The worker ant bites you but does no damage. x2
You barely miss the worker ant.
The worker ant is severely wounded.
You feel sick.
The worker ant bites you but does no damage.
You closely miss the worker ant.
The worker ant is severely wounded.
The worker ant bites you but does no damage.
The worker ant barely misses you.
You barely miss the worker ant.
The worker ant is severely wounded.
You feel sick. The worker ant completely misses you.
You hit the worker ant but do no damage.
The worker ant is severely wounded.
The worker ant bites you but does no damage.
You barely miss the worker ant.
The worker ant is severely wounded.
You feel sick. The worker ant bites you.
* * * LOW HITPOINT WARNING * * *
The worker ant bites you but does no damage.
You hit the worker ant. You freeze the worker ant.
The worker ant is severely wounded.
The worker ant bites you but does no damage.
You hit the worker ant. You freeze the worker ant.
You kill the worker ant!
The Council accepts your kill.
You have reached level 6!
Your experience leads to an increase in your attributes!
Increase (S)trength, (I)ntelligence, or (D)exterity?
You feel agile.
Your scales feel tougher.
Unknown command.
Wield which item (- for none, * to show all)? (? for menu, Esc to quit)
Your +1 rapier of freezing stops glowing.
i - a wand of flame (0/48) (in branch)
You swing at nothing.
You feel sick.
You swing at nothing.
You swing at nothing.
You swing at nothing.
You feel sick.
You swing at nothing.
You swing at nothing.
You feel sick.
You are no longer poisoned.
Some of the chunks of flesh in your inventory have rotted away.
You swing at nothing.
Your transformation is almost over.
You swing at nothing.
You swing at nothing.
You swing at nothing.
You swing at nothing.
You swing at nothing.
You swing at nothing.
You feel less wooden.
Your +0 pair of gloves unmelds from your body.
You swing at nothing.
You swing at nothing.
You swing at nothing.
You swing at nothing.
You swing at nothing.
You swing at nothing.
You swing at nothing.
You swing at nothing.
You swing at nothing.
You swing at nothing.
You swing at nothing.
You swing at nothing.
You swing at nothing.
You swing at nothing.
Wield which item (- for none, * to show all)? (? for menu, Esc to quit)
Your +1 rapier of freezing glows with a cold blue light!
a - a +1 rapier of freezing (weapon)
You now have 173 gold pieces (gained 14).
A leopard gecko and an orc come into view.
The orc shouts!
The leopard gecko hisses angrily.
Found a stone staircase leading up.
An orc and 2 orc wizards come into view.
The orc shouts!
The orc wizard shouts!
An orc priest comes into view. It is wielding a hand axe.
The orc wizard shouts!
The orc wizard casts a spell at you. The puff of flame hits you!
* * * LOW HITPOINT WARNING * * *
The leopard gecko hisses menacingly.
The leopard gecko barely misses you.
A centaur comes into view.
There is a stone staircase leading up here.
The centaur shouts!
The leopard gecko misses you.
The leopard gecko bites you but does no damage.
You climb upwards.
An ogre comes into view. It is wielding a giant spiked club.
The ogre shouts!
There is a stone staircase leading down here.
The leopard gecko misses you. The leopard gecko bites you.
You die...

#..
#..#
#...#
#...
#...
##..#
##..#
##.@#
##.l.#
#..O##
#....#
#....#
#...##
#...
...
##..
...#
.. #..
..#
..##
#..


You could see an ogre and a leopard gecko.

Vanquished Creatures
  A big kobold (D:7)
  A killer bee (D:7)
  A hound (D:4)
  2 worker ants (D:7)
  A worker ant zombie (D:5)
  An adder (D:3)
  A shadow imp (D:7)
  An ooze (D:3)
  3 worms
  A dart slug (D:1)
  3 leopard geckos
  2 orcs
  A bat (D:1)
  2 giant cockroaches
  5 goblins
  3 hobgoblins
  A jackal (D:2)
  A quokka (D:6)
  A ball python (D:1)
  4 frilled lizards
  12 kobolds
  A quokka skeleton (D:7)
  A quokka zombie (D:6)
  6 rats
56 creatures vanquished.

Vanquished Creatures (others)
  10 fungi (D:3)
  7 toadstools (D:3)
17 creatures vanquished.

Grand Total: 73 creatures vanquished

Notes
Turn   | Place    | Note
-------+----------+-------------------------------------------
     0 | D:1      | tidbits the Draconian Wanderer began the quest for the Orb.
     0 | D:1      | tidbits set off with: a book of Geomancy, a scroll of teleportation, a +0 club, a bread ration
     0 | D:1      | Reached XP level 1. HP: 14/14 MP: 2/2
    84 | D:1      | Reached skill level 1 in Fighting
    94 | D:1      | Learned a level 1 spell: Sandblast
   147 | D:1      | Reached XP level 2. HP: 16/24 MP: 3/3
   153 | D:1      | Learned a level 2 spell: Passwall
   202 | D:1      | Reached skill level 2 in Fighting
   450 | D:2      | Reached XP level 3. HP: 17/30 MP: 4/4
   471 | D:3      | Reached skill level 3 in Fighting
   628 | D:4      | Reached XP level 4. HP: 30/38 MP: 0/5
   653 | D:4      | Found a staircase to the Ecumenical Temple.
   659 | Temple   | Entered the Ecumenical Temple
   700 | Temple   | Became a worshipper of the Wu Jian Council
   955 | D:5      | Entered Level 5 of the Dungeon
  1115 | D:6      | You fall through a shaft for 3 floors!
  1196 | D:8      | Found an opulent altar of Gozag.
  1231 | D:8      | Noticed a queen bee
  1267 | D:7      | Reached skill level 4 in Earth Magic
  1276 | D:7      | Noticed a big kobold
  1321 | D:7      | Learned a level 3 spell: Stone Arrow
  1326 | D:7      | Reached XP level 5. HP: 30/45 MP: 7/7
  1353 | D:7      | Reached skill level 2 in Spellcasting
  1612 | D:7      | Reached XP level 6. HP: 9/51 MP: 10/10
  1650 | D:7      | HP: 2/51 [orc wizard/puff of flame (10)]
  1657 | D:6      | Slain by a leopard gecko

Vault maps used:
D:1:      matt_arrival_los_fun
D:2:      first_bread, roderic_serpentine_path
D:3:      cheibrodos_fertilizer
D:4:      minmay_temple_entry_trees
D:5:      uniq_pikel, uniq_menkaure
D:6:      basic_altar
D:7:      grunt_ministairs_4, minmay_holes
D:8:      grunt_gozag_statues, lair_entry_dummy, basic_altar, david_nohive_1
Temple:   kilobyte_greek_temple

Skill      XL: |  1  2  3  4  5 |
---------------+----------------+-----
Fighting       | 1 2 3 |  3.5
Earth Magic    | 4 |  4.9
Spellcasting   | 2 |  2.9
Throwing       | |  1.0
Dodging        | |  1.7
Stealth        | |  1.0
Poison Magic   | |  1.0
Evocations     | |  1.0

Action                   |  1- 3 |  4- 6 || total
-------------------------+-------+-------++-------
Melee: Club              |    29 |       ||    29
       Tailslap          |     6 |    11 ||    17
       Dagger            |    72 |    55 ||   127
       Rapier            |       |    27 ||    27
 Fire: Blowgun           |       |     5 ||     5
 Cast: Sandblast         |    10 |    13 ||    23
Evoke: Wand              |     3 |    14 ||    17
  Use: Scroll            |     3 |     3 ||     6
       Potion            |       |     9 ||     9
 Stab: Sleeping          |     4 |     1 ||     5
       Invisible         |       |     2 ||     2
  Eat: Chunk             |       |     2 ||     2
       Meat ration       |       |     1 ||     1
Armor: Skin              |    23 |    33 ||    56
Dodge: Dodged            |    71 |    71 ||   142

Table legend:
 A = Spawn XP
 B = Non-spawn XP
 C = Spawn XP percentage of total XP
 D = Spawn monster count
 E = Non-spawn monster count
 F = Spawn count percentage of total count
 G = Total turns spent on level
                    A         B        C        D         E        F      G
               +---------+---------+-------+---------+---------+-------+---------
         Total |      43 |     362 |  10.6 |       5 |      51 |   8.9 |  1657
               +---------+---------+-------+---------+---------+-------+---------
           D:1 |       4 |      25 |  13.8 |       2 |      16 |  11.1 |   330
           D:2 |       2 |       8 |  20.0 |       1 |       4 |  20.0 |    96
           D:3 |       0 |      32 |   0.0 |       0 |       9 |   0.0 |   197
           D:4 |       0 |      53 |   0.0 |       0 |       4 |   0.0 |   250
           D:5 |       5 |      19 |  20.8 |       1 |       3 |  25.0 |   311
           D:6 |       0 |       3 |   0.0 |       0 |       2 |   0.0 |    62
           D:7 |      32 |     219 |  12.7 |       1 |      12 |   7.7 |   202
           D:9 |       0 |       3 |   0.0 |       0 |       1 |   0.0 |    71
               +---------+---------+-------+---------+---------+-------+---------

Table legend:
 A = Turns spent in this place as a percentage of turns spent in the entire game.
 B = Non-inter-level travel turns spent in this place as a percentage of non-inter-level travel turns spent in the entire game.
 C = Inter-level travel turns spent in this place as a percentage of turns spent in this place.
 D = Turns resting spent in this place as a percentage of non-inter-level travel turns spent in this place.
 E = Turns spent auto-exploring this place as a percentage of non-inter-level travel turns spent in this place.
 F = Non-inter-level travel turns spent in this place divided by the number of levels of this place that you've seen.
                   A       B       C       D       E      F
               +-------+-------+-------+-------+-------+----------------------
         Total | 100.0 | 100.0 |   7.8 |   0.0 |   0.0 | 152.7
       Dungeon |  95.1 |  97.1 |   5.9 |   0.0 |   0.0 | 164.7
        Temple |   4.9 |   2.9 |  45.1 |   0.0 |   0.0 |  45.0
               +-------+-------+-------+-------+-------+----------------------

Table legend:
 A = Kills in this place as a percentage of kills in entire the game.
 B = Kills by you in this place as a percentage of kills by you in the entire game.
 C = Kills by friends in this place as a percentage of kills by friends in the entire game.
 D = Other kills in this place as a percentage of other kills in the entire game.
 E = Experience gained in this place as a percentage of experience gained in the entire game.
 F = Experience gained in this place divided by the number of levels of this place that you have seen.
                   A       B       C       D       E      F
               +-------+-------+-------+-------+-------+----------------------
         Total | 100.0 | 100.0 |   N/A |   N/A | 100.0 |  40.5
       Dungeon | 100.0 | 100.0 |   N/A |   N/A | 100.0 |  45.0
               +-------+-------+-------+-------+-------+----------------------

Vault maps used:
D:1:      matt_arrival_los_fun
D:2:      first_bread, roderic_serpentine_path
D:3:      cheibrodos_fertilizer
D:4:      minmay_temple_entry_trees
D:5:      uniq_pikel, uniq_menkaure
D:6:      basic_altar
D:7:      grunt_ministairs_4, minmay_holes
D:8:      grunt_gozag_statues, lair_entry_dummy, basic_altar, david_nohive_1
Temple:   kilobyte_greek_temple
